Map: 애씨드 플랜트 - 래더

Players

Gentleprobe (Cyan)

  • Race: Protoss Protoss
  • League: Master
  • Spawn Location: 5:00

herO - Winner!

  • Race: Protoss Protoss
  • Spawn Location: 11:00

Event: 2018 Hangzhou StarCraft Carnival

VOD

Have the link to the VOD?

Description

Time

  • Played on: April 29, 2018, 3:22 a.m.
  • Length: 4:31

All games in this series

Show
View Real Time Build Order
Export as new Build Order

Gentleprobe Protoss 

Build Orders: Oracle Opening 

Get SALT Encoding   

  12  0:00  Probe  
  13  0:13  Probe  
  14  0:18  Pylon  
  14  0:24  Probe  
  15  0:32  Probe  
  15  0:37  Gateway  
  15  0:40  Probe  
  16  0:47  Assimilator  
  17  0:50  Probe  
  17  0:55  Assimilator  
  18  0:58  Probe  
  19  1:06  Probe  
  20  1:13  Gateway  
  20  1:17  Probe  
  20  1:25  Cybernetics Core  
  21  1:29  Probe  
  22  1:34  Pylon  
  22  1:42  Probe  
  23  1:54  Probe  
  24  2:02  Warp Gate, Stalker, Sentry  
  24  2:07  Pylon  
  28  2:33  Stargate  
  28  2:40  Nexus  
  28  2:47  Stalker  
  30  2:54  Stalker  
  32  2:59  Probe  
  33  3:07  Oracle  
  33  3:11  Probe  
  35  3:25  Shield Battery  
  36  3:27  Probe  
  36  3:42  Pylon  
  36  3:47  Oracle  
  35  4:05  Stalker  
  35  4:08  Zealot  
  31  4:20  Pylon  
Show
View Real Time Build Order
Export as new Build Order

herO Protoss - Winner!

Build Orders:  

Get SALT Encoding   

  12  0:00  Probe  
  13  0:13  Probe  
  14  0:17  Pylon  
  14  0:24  Probe  
  15  0:32  Probe  
  15  0:36  Gateway  
  15  0:40  Probe  
  16  0:46  Assimilator  
  17  0:50  Probe  
  17  0:53  Assimilator  
  18  0:58  Probe  
  19  1:06  Probe  
  19  1:07  Gateway  
  20  1:17  Probe  
  20  1:24  Cybernetics Core  
  21  1:29  Probe  
  22  1:34  Pylon  
  22  1:40  Warp Gate  
  22  1:42  Probe  
  23  1:54  Probe  
  24  2:00  Stalker x2  
  28  2:08  Shield Battery  
  28  2:12  Pylon  
  28  2:30  Stalker x2  
  32  2:43  Gateway  
  32  2:44  Gateway  
  32  3:00  Stalker x2  
  36  3:06  Pylon  
  35  3:27  Shield Battery  
  35  3:42  Stalker x4  
  39  4:07  Stalker x3  
  45  4:16  Stalker  
Tags
 
Add a new tag
Caveats
  • Supply blocks, unpowered buildings, or Contaminate may cause inaccurate times.
  • Supply counts are checked every 10 seconds.